 Dungeon Crawl Stone Soup version 0.28-a0-616-gdeb3d7f7b4 (webtiles) character file.

Game seed: 1738574347499552159

202 KristoblXynda the Slasher (level 5, -1/45 HPs)
             Began as a Draconian Gladiator on Oct 6, 2021.
             Was an Initiate of Vehumet.
             Shot with an arrow by a centaur (6 damage)
             ... on level 4 of the Dungeon.
             The game lasted 00:03:15 (3406 turns).

KristoblXynda the Slasher (Draconian Gladiator)     Turns: 3406, Time: 00:03:16

Health: -1/45      AC:  5    Str: 16    XL:     5   Next: 50%
Magic:  6/6        EV: 13    Int: 10    God:    Vehumet [......]
Gold:   81         SH:  0    Dex: 12    Spells: 6/6 levels left

rFire   . . .      SeeInvis .   a - +0 long sword
rCold   . . .      Faith    .   (no shield)
rNeg    . . .      Spirit   .   (armour unavailable)
rPois   .          Reflect  .   b - +0 hat
rElec   .          Harm     .   (no cloak)
rCorr   .          Rampage  .   (no gloves)
Will    .....                   (no boots)
Stlth   +.........              (no amulet)
HPRegen 0.15/turn               (no ring)
MPRegen 0.10/turn               (no ring)

@: no status effects
A: AC +5, unfitting armour, cold-blooded
a: Renounce Religion


You were on level 4 of the Dungeon.
You worshipped Vehumet.
Vehumet was noncommittal.
You visited 2 branches of the dungeon, and saw 5 of its levels.

You collected 81 gold pieces.

Inventory:

Hand Weapons
 a - a +0 long sword (weapon)
Missiles
 c - 3 throwing nets (quivered)
Armour
 b - a +0 hat (worn)
Jewellery
 l - a +4 ring of protection
Scrolls
 d - a scroll of fear {unknown}
 e - a scroll of immolation {unknown}
 g - a scroll of amnesia {unknown}
 i - a scroll of summoning {unknown}
 m - a scroll of noise {unknown}
 o - a scroll of brand weapon {unknown}
Potions
 f - a potion of brilliance
 h - a potion of haste
 j - a potion of curing
 k - a potion of heal wounds {unknown}
 n - a potion of cancellation {unknown}


   Skills:
 - Level 3.0 Fighting
 * Level 4.7 Long Blades
 - Level 2.0 Throwing
 * Level 3.8 Dodging
 + Level 1.1 Spellcasting


You had 6 spell levels left.
You didn't know any spells.
Your spell library was empty.

Dungeon Overview and Level Annotations

Branches:
Dungeon (4/15)             Temple (1/1) D:4

Altars:
Ashenzari
Cheibriados
Elyvilon
Gozag
Hepliaklqana
Kikubaaqudgha
Qazlal
Ru
Trog
Uskayaw
Vehumet
Xom
Yredelemnul
Zin
The Shining One


Innate Abilities, Weirdness & Mutations

Your plain brown scales are hard. (AC +5)
You cannot fit into any form of body armour.
You are cold-blooded and may be slowed by cold attacks.


Message History

The centaur shouts!
The giant cockroach bites you. The orc barely misses you.
The orc priest miscasts a cantrip.
The giant cockroach closely misses you.
You slash the giant cockroach!
You kill the giant cockroach!
Vehumet accepts your kill.
A jelly comes into view.
The orc closely misses you.
The orc wizard gestures at you while chanting.
The magic dart hits you but does no damage.
The orc wizard points at you and mumbles some strange words.
You are confused.
The orc barely misses you.
Unknown command.
The orc priest casts a cantrip, but nothing happens.
The orc closely misses you.
You're too confused to move!
The orc closely misses you.
The orc priest looks satisfied for a moment.
The orc wizard hits you but does no damage.
The orc hits you with a +0 trident.
The orc wizard hits you with a +0 hand axe.
There is a stone staircase leading up here.
The centaur misses you. The centaur kicks you. The orc closely misses you.
The orc wizard barely misses you.
In your confused state, you trip and fall back down the stairs.
You feel less confused.
The centaur closely misses you. x2; The orc barely misses you.
The centaur hits you but does no damage.
The centaur kicks you but does no damage.
The orc priest barely misses you. The jelly hits you but does no damage.
The orc wizard hits you but does no damage.
The centaur wields a +4 shortbow.
The centaur shoots an arrow.
The arrow closely misses you.
The orc hits you from afar with a +0 trident!
The orc priest invokes the aid of Beogh against you.
Beogh smites you!
* * * LOW HITPOINT WARNING * * *
The centaur shoots an arrow.
The arrow hits you.
You die...

.(......#.....#
................#####.>.##
....................#..)).#
....................#...#..†
.......................###..
......................#.#.#.
..............<.........#...
.....................#..#..#
.........J.@..............##
........o..#
.....................#
.....................#
.....................#


You could see a centaur, a jelly, an orc priest, an orc wizard and an orc.

Vanquished Creatures
  A howler monkey (D:4)
  An orc priest (D:4)
  2 hound skeletons (D:4)
  2 adders
  An adder skeleton (D:4)
  A worm (D:2)
  6 dart slugs
  3 orcs
  8 ball pythons
  2 bats
  10 endoplasms
  4 giant cockroaches
  4 goblins
  3 hobgoblins
  4 quokkas
  2 frilled lizards
  8 kobolds
  5 rats
67 creatures vanquished.

Notes
Turn   | Place    | Note
-------+----------+-------------------------------------------
     0 | D:1      | KristoblXynda the Draconian Gladiator began the quest for
                  | the Orb.
     0 | D:1      | Reached XP level 1. HP: 17/17 MP: 1/1
   164 | D:1      | Reached XP level 2. HP: 25/25 MP: 2/2
   661 | D:1      | Found a faded altar of an unknown god.
   692 | D:1      | Reached XP level 3. HP: 22/30 MP: 3/3
  1762 | D:2      | Found a radiant altar of Vehumet.
  1953 | D:2      | Became a worshipper of Vehumet
  2178 | D:3      | Reached skill level 4 in Long Blades
  2178 | D:3      | Reached XP level 4. HP: 38/38 MP: 4/4
  2709 | D:4      | Reached XP level 5. HP: 33/45 MP: 4/6
  2970 | D:4      | Found a staircase to the Ecumenical Temple.
  2992 | Temple   | Entered the Ecumenical Temple
  3089 | D:4      | Reached skill level 1 in Spellcasting
  3394 | D:4      | Noticed a centaur
  3406 | D:4      | Shot with an arrow by a centaur

Illustrated notes

Levels and vault maps discovered:
D:1:      psy_arrival_dodecagon, layout_rooms, chequers_ecumenical_altar_simple
D:2:      layout_loops_ring, basic_altar
D:3:      layout_basic
D:4:      layout_basic, minmay_temple_entry_arrows
Temple:   eino_wide_crystal_templ

Skill      XL: |  1  2  3  4  5 |
---------------+----------------+-----
Throwing       | 2 |  2.0
Dodging        | 3 |  3.8
Fighting       | 3 |  3.0
Long Blades    | 4 |  4.7
Spellcasting   | 1 |  1.1

Action                   |  1- 3 |  4- 6 || total
-------------------------+-------+-------++-------
Melee: Long sword        |   101 |    79 ||   180
       Tailslap          |    11 |     6 ||    17
  Use: Scroll            |       |     2 ||     2
       Potion            |       |     1 ||     1
 Stab: Sleeping          |     3 |       ||     3
Armor: Skin              |    32 |    30 ||    62
Dodge: Dodged            |    62 |    66 ||   128

Table legend: (Time is in decaauts)
 A = Elapsed time spent in this place.
 B = Non-inter-level travel time spent in this place.
 C = Inter-level travel time spent in this place.
 D = Time resting spent in this place.
 E = Time spent auto-exploring this place.
 F = Levels seen in this place.
 G = Mean time per level.
                   A        B        C        D        E       F      G
               +--------+--------+--------+--------+--------+-----+--------+
         Total |   3439 |   3294 |    145 |    779 |   2026 |   5 |  687.8 |
       Dungeon |   3385 |   3252 |    133 |    779 |   1997 |   4 |  846.2 |
        Temple |     54 |     42 |     12 |      0 |     29 |   1 |   54.0 |
               +--------+--------+--------+--------+--------+-----+--------+

Top non-repeatable levels by time:
     D:2: 1057 daAuts
     D:1: 967 daAuts
     D:3: 686 daAuts
     D:4: 674 daAuts
  Temple: 54 daAuts
